 Dungeon Crawl Stone Soup version 0.31-a0-1074-g0b22e4e0f1 (webtiles) character file.

Game seed: 2165215808799987128

142 Lobster4 the Ruffian (level 5, 0/38 HPs)
             Began as a Djinni Shapeshifter on Nov 29, 2023.
             Slain by a jelly (2 damage)
             ... on level 3 of the Dungeon.
             The game lasted 00:04:53 (2236 turns).

Lobster4 the Ruffian (Djinni Shapeshifter)          Turns: 2236, Time: 00:04:54

Health: 0/38       AC: -7    Str: 15    XL:     5   Next: 50%
Gold:   147        EV: 11    Int: 11    God:
                   SH:  0    Dex: 13

rFire   + + .        h - +3 dagger
rCold   x . .        (no shield)
rNeg    . . .        f - +0 ring mail
rPois   ∞            (helmet currently unavailable)
rElec   .            (cloak currently unavailable)
rCorr   .            (gloves currently unavailable)
SInv    .            (boots unavailable)
Will    .....        (no amulet)
Stlth   +            (no ring)
HPRegen 0.26/turn    (no ring)
MPRegen 0.00/turn

%: infuse magic (-1 HP)
@: beast-form, corroded, flying
A: beast (slay +2), flying, sickness immunity, fire resistance 2, cold
vulnerability 1, float, innate caster, HP casting, extra vitality 1
a: Begin Untransformation


You were on level 3 of the Dungeon.
You were a hulking beast.
You visited 1 branch of the dungeon, and saw 4 of its levels.

You collected 147 gold pieces.

Inventory:

Hand Weapons
 h - a +3 dagger (weapon)
Missiles
 i - 23 stones
 p - 4 poisoned darts
Armour
 a - a +0 animal skin
 f - a +0 ring mail (worn)
Talismans
 c - a beast talisman
 d - a flux talisman
Wands
 l - a wand of polymorph (7)
Scrolls
 g - 3 scrolls of teleportation {unknown}
 j - 4 scrolls of identify {unknown}
 m - a scroll of fog {unknown}
 q - a scroll of fear {unknown}
Potions
 b - a potion of lignification
 e - 2 potions of might {unknown}
 k - a potion of brilliance {unknown}
 n - a potion of curing {unknown}
 o - a potion of haste {unknown}
 r - 2 potions of enlightenment {unknown}
 s - a potion of resistance {unknown}


   Skills:
 + Level 2.1 Fighting
 + Level 3.1 Dodging
 + Level 3.6 Unarmed Combat
 + Level 0.7 Spellcasting
 + Level 0.7 Conjurations
 + Level 0.7 Hexes
   Level 0.0 Charms
 + Level 0.7 Summonings
 + Level 0.7 Necromancy
 + Level 0.7 Translocations
 + Level 0.7 Transmutations
 + Level 0.7 Fire Magic
 + Level 0.7 Ice Magic
 + Level 0.7 Air Magic
 + Level 0.7 Earth Magic
 + Level 0.7 Poison Magic
 * Level 3.5 Shapeshifting


You knew the following spells:

 Your Spells              Type           Power      Damage    Failure   Level
a - Apportation           Tloc           2%         N/A       45%         1
b - Call Imp              Summ           2%         N/A       58%         2
Your spell library was empty.

Dungeon Overview and Level Annotations

Branches:
Dungeon (4/15)             Temple (0/1) D:4

Altars:
Nemelex Xobeh

Shops:
D:2 *


Innate Abilities, Weirdness & Mutations

You are a hulking beast.
Your limbs bulge with bestial killing power. (Slay +2)
You are flying.
You are immune to sickness and miasma.
You are immune to poison.
Your flesh is very heat resistant. (rF++)
You are vulnerable to cold. (rC-)
You float through the air rather than walking.
You learn spells naturally, not from books.
Your magical power is your life essence.
You have superior vitality. (+4 MHP)


Message History

Spell assigned to 'b'.
You start resting.
HP restored.
Unknown command.
Unknown command.
You fly downwards.
There is a stone staircase leading up here.
A jelly comes into view.
The jelly quivers.
The jelly moves out of view.
Found a staircase to the Ecumenical Temple.
A kobold comes into view. It is wielding a +0 dagger.
Found a spear.
You see here 2 poisoned darts.
You hit the jelly.
Your hands burn!
The jelly is moderately wounded.
The jelly barely misses you.
You hit the jelly. The acid corrodes you!
Your hands burn!
The jelly is heavily wounded.
The jelly misses you.
There is a stone staircase leading up here.
The jelly hits you. The acid corrodes you!
You are splashed with acid!
You fly upwards.
There is a stone staircase leading down here.
You see here a scorpion corpse.
You hit the jelly.
Your hands burn!
The jelly is severely wounded.
The jelly hits you.
You are splashed with acid.
You hit the jelly.
Your hands burn!
* * * LOW HITPOINT WARNING * * *
You punch the jelly, but do no damage.
The jelly is almost dead.
The jelly hits you.
* * * LOW HITPOINT WARNING * * *
The acid corrodes you!
You are splashed with acid!
* * * LOW HITPOINT WARNING * * *
You barely miss the jelly.
The jelly is almost dead.
The jelly hits you.
You die...

#.# #..### #.# #=...## #.#
##.....## ## #.# #.......#
.# #.# #.......# .# #.#
#.......# .# #.# ##.....##
.# #.################
#....##
.###...........Jh...#
#.#.##
..#################.# #.#.#
#.##### #########.###.#.#
#.#8#.# #..^..........#.#
....#.# #.#######.#####.#
._..#.#####.# #.# #.#
....#)......#### ##.## #.#
#####.######.>.###...####.#
.####.####.........#...)..#


You could see a jelly.

Vanquished Creatures
  A scorpion (D:3)
  5 adders
  A worm (D:2)
  A dart slug (D:2)
  An orc (D:3)
  3 endoplasms
  5 goblins
  7 hobgoblins
  2 jackals (D:2)
  5 ball pythons
  A bat (D:2)
  3 frilled lizards
  2 kobolds
37 creatures vanquished.

Notes
Turn   | Place    | Note
-------+----------+-------------------------------------------
     0 | D:1      | Lobster4 the Djinni Shapeshifter began the quest for the
                  | Orb.
     0 | D:1      | Reached XP level 1. HP: 17/17 MP: 0/0
   231 | D:1      | Reached XP level 2. HP: 20/22 MP: 0/0
   805 | D:2      | Reached XP level 3. HP: 27/27 MP: 0/0
   805 | D:2      | Learned a level 1 spell: Apportation
  1318 | D:2      | Found Getel's Assorted Antiques.
  1496 | D:3      | Found a sparkling altar of Nemelex Xobeh.
  1571 | D:3      | Reached XP level 4. HP: 32/32 MP: 0/0
  2130 | D:4      | Noticed a scorpion
  2151 | D:3      | Killed a scorpion
  2152 | D:3      | Reached XP level 5. HP: 21/38 MP: 0/0
  2152 | D:3      | Learned a level 2 spell: Call Imp
  2221 | D:4      | Found a staircase to the Ecumenical Temple.
  2236 | D:3      | Slain by a jelly

Illustrated notes

Levels and vault maps discovered:
D:1:      matt_arrival_diagonals, layout_basic
D:2:      layout_loops_ring, serial_shops, shop
D:3:      layout_loops_ring, mainiacjoe_overflow_alcove_2
D:4:      layout_cave_pools, kennysheep_mini, minmay_temple_entry_purple_smoke,
          uniq_crazy_yiuf_cottage

Skill      XL: |  1  2  3  4 |
---------------+-------------+-----
Shapeshifting  | 3 |  3.5
Fighting       | 2 |  2.1
Dodging        | 3 |  3.1
Unarmed Combat | |  3.6
Spellcasting   | |  0.7
Conjurations   | |  0.7
Hexes          | |  0.7
Summonings     | |  0.7
Necromancy     | |  0.7
Translocations | |  0.7
Transmutations | |  0.7
Fire Magic     | |  0.7
Ice Magic      | |  0.7
Air Magic      | |  0.7
Earth Magic    | |  0.7
Poison Magic   | |  0.7

Action                     |  1- 3 |  4- 6 || total
---------------------------+-------+-------++-------
  Melee: Dagger            |    81 |    57 ||   138
         Unarmed           |     7 |       ||     7
         Punch             |     2 |     4 ||     6
  Throw: Dart              |       |     3 ||     3
 Armour: Ring mail         |    45 |    33 ||    78
  Dodge: Dodged            |    51 |    28 ||    79

Table legend: (Time is in decaauts)
 A = Elapsed time spent in this place.
 B = Non-inter-level travel time spent in this place.
 C = Inter-level travel time spent in this place.
 D = Time resting spent in this place.
 E = Time spent auto-exploring this place.
 F = Levels seen in this place.
 G = Mean time per level.
                   A        B        C        D        E       F      G
               +--------+--------+--------+--------+--------+-----+--------+
         Total |   2236 |   2193 |     43 |     75 |   1742 |   4 |  559.0 |
       Dungeon |   2236 |   2193 |     43 |     75 |   1742 |   4 |  559.0 |
               +--------+--------+--------+--------+--------+-----+--------+

Top non-repeatable levels by time:
     D:3: 760 daAuts
     D:2: 760 daAuts
     D:1: 695 daAuts
     D:4: 19 daAuts
